 Dungeon Crawl Stone Soup version 0.29-a0-885-gb26ba3297d (webtiles) character file.

Game seed: 9250935314589084577

17607 xian the Thaumaturge (level 12, 0/90 HPs)
             Began as a Demonspawn Conjurer on July 20, 2022.
             Was an Initiate of Gozag.
             Killed from afar by a frost giant (43 damage)
             ... with a bolt of cold
             ... on level 13 of the Dungeon.
             The game lasted 01:07:20 (16193 turns).

xian the Thaumaturge (Demonspawn Conjurer)         Turns: 16193, Time: 01:07:22

Health: 0/90       AC: 16    Str:  7    XL:     12   Next: 20%
Magic:  31/34      EV: 14    Int: 30    God:    Gozag
Gold:   2332       SH: 17    Dex: 19    Spells: 18/30 levels left

rFire   . . .      SeeInvis .   y - +5 war axe of Royalism {drain, MP+9 Int+6}
rCold   . . .      Faith    .   P - +2 kite shield
rNeg    . . .      Spirit   .   L - +0 robe {Archmagi}
rPois   .          Reflect  .   (no helmet)
rElec   .          Harm     .   K - +1 cloak {Will+}
rCorr   .          Rampage  .   m - +2 pair of gloves
Will    +....      Archmagi +   i - +2 pair of boots
Stlth   ++++......              (no amulet)
HPRegen 0.25/turn               e - +6 ring of dexterity
MPRegen 0.24/turn               D - ring of wizardry

@: mighty, gold aura
A: hooves 1, rugged brown scales 1, icemail 1, powered by pain 1, condensation
shield
a: Renounce Religion, Potion Petition, Call Merchant, Bribe Branch


You were on level 13 of the Dungeon.
You worshipped Gozag.
Gozag was most pleased with you.
You visited 3 branches of the dungeon, and saw 15 of its levels.
You also visited: Sewer and Bailey.

You collected 2534 gold pieces.
You spent 110 gold pieces at shops.
You paid 92 gold pieces to Gozag.

Inventory:

Hand Weapons
 r - the +3 sling of Understanding {venom, rPois rN+ Stlth+}
   (You found it in a sewer)

   Any ammunition fired from it poisons the flesh of those it strikes.
   rPois:     It protects you from poison.
   rN:        It protects you from negative energy.
   Stlth:     It makes you more stealthy.
 y - the +5 war axe of Royalism (weapon) {drain, MP+9 Int+6}
   (You found it on level 5 of the Dungeon)

   A truly terrible weapon, it drains the life of any living foe it strikes.
   Int:       It affects your intelligence (+6).
   MP:        It affects your magic capacity (+9).
 Q - the +8 mace "Damnul" {drain, Fly Will- Dex+3}
   (You found it on level 11 of the Dungeon)

   A truly terrible weapon, it drains the life of any living foe it strikes.
   Dex:       It affects your dexterity (+3).
   Fly:       It grants you flight.
   Will:      It decreases your willpower.
Armour
 i - a +2 pair of boots (worn)
 m - a +2 pair of gloves (worn)
 J - +0 acid dragon scales
 K - a +1 cloak of willpower (worn)
 L - a +0 robe of the Archmagi (worn)
 P - a +2 kite shield (worn)
Jewellery
 e - a +6 ring of dexterity (left hand)
 D - a ring of wizardry (right hand)
 N - a +4 ring of evasion
Wands
 d - a wand of flame (38)
 p - a wand of polymorph (2)
 u - a wand of acid (4)
 I - a wand of paralysis (8)
Scrolls
 a - a scroll of immolation
 g - 3 scrolls of summoning
 k - 2 scrolls of butterflies
 l - 3 scrolls of teleportation
 o - 2 scrolls of magic mapping
 s - 3 scrolls of amnesia
 v - 5 scrolls of enchant weapon
 x - 3 scrolls of blinking
 E - a scroll of poison {unknown}
 F - a scroll of enchant armour
 G - a scroll of fear {unknown}
Potions
 b - 6 potions of magic
 c - a potion of flight {unknown}
 f - 5 potions of might {unknown}
 h - 4 potions of resistance {unknown}
 j - 4 potions of invisibility {unknown}
 n - 2 potions of berserk rage {unknown}
 q - a potion of attraction {unknown}
 t - a potion of heal wounds
 w - 7 potions of haste {unknown}
 z - 4 potions of curing
 A - 4 potions of cancellation {unknown}
 B - a potion of experience {unknown}
 C - 2 potions of brilliance {unknown}
 H - a potion of lignification {unknown}
 M - 3 potions of mutation {unknown}
 O - a potion of degeneration {unknown}


   Skills:
 * Level 6.2 Fighting
 + Level 6.1 Axes
 + Level 4.4 Armour
 + Level 6.4 Dodging
 + Level 6.3 Stealth
 * Level 6.4 Shields
 * Level 9.5 Spellcasting
 + Level 8.9 Conjurations
 + Level 1.1 Translocations
 + Level 0.5 Transmutations
 + Level 0.1 Evocations


You had 18 spell levels left.
You knew the following spells:

 Your Spells              Type           Power      Damage    Failure   Level
a - Magic Dart            Conj           100%       1d8       1%          1
b - Searing Ray           Conj           100%       2d8       1%          2
c - Iskenderun's Mystic   Conj/Tloc      61%        2d13      4%          4
d - Irradiate             Conj/Tmut      29%        3d21      16%         5

Your spell library contained the following spells:

 Spells                   Type           Power      Damage    Failure   Level
 Foxfire                  Conj/Fire      100%       2x1d9     1%          1
 Dazzling Flash           Conj/Hex       100%       N/A       1%          3
 Ensorcelled Hibernation  Hex/Ice        42%        N/A       6%          2
 Fulminant Prism          Conj/Hex       28%        3d14      6%          4
 Spider Form              Tmut/Pois      23%        N/A       11%         3
 Confusing Touch          Hex            21%        N/A       12%         3
 Inner Flame              Hex/Fire       21%        N/A       12%         3
 Anguish                  Hex/Necr       10%        N/A       34%         4
 Cause Fear               Hex            10%        N/A       34%         4
 Blade Hands              Tmut           13%        N/A       61%         5
 Alistair's Intoxication  Tmut/Pois      15%        N/A       65%         5
 Yara's Violent Unravell  Hex/Tmut       11%        3d6       65%         5
 Conjure Ball Lightning   Conj/Air       28%        3x3d8     65%         6
 Starburst                Conj/Fire      28%        6d9       65%         6
 Borgnjor's Vile Clutch   Necr/Erth      10%        N/A       69%         5
 Eringya's Noxious Bog    Tmut/Pois      11%        N/A       99%         6
 Dragon Form              Tmut           13%        N/A       100%        7
 Enfeeble                 Hex            10%        N/A       100%        7
 Discord                  Hex            10%        N/A       100%        8
 Disjunction              Tloc           15%        N/A       100%        8


Dungeon Overview and Level Annotations

Branches:
Dungeon (13/15)            Temple (1/1) D:6            Lair (1/5) D:8
  Sewer (visited)          Bailey (visited)
    Orc: D:9-12      Vaults: D:13-14

Altars:
Ashenzari
Dithmenos
Gozag
Kikubaaqudgha
Ru
Sif Muna
Trog
Uskayaw
Vehumet
Wu Jian
Yredelemnul

Shops:
D:4 *


Innate Abilities, Weirdness & Mutations

You have large cloven feet.
You are partially covered in rugged brown scales. (AC +1, +3% HP)
A meltable icy envelope protects you from harm. (AC +4)
You sometimes gain a little power by taking damage.
A meltable shield of frost defends you. (SH +4)


Message History

Press: ? - help, Shift-Dir - straight line, f/p - rime drake
Aim: a rime drake (almost dead, 79% to hit)
You feel a surge of power!
The searing ray hits the frost giant!
The frost giant is severely wounded.
The searing ray hits the rime drake!
You kill the rime drake! (Press . to maintain the ray.)
The frost giant hits you but does no damage.
The searing ray hits the frost giant.
The frost giant is severely wounded.
The searing ray hits the centaur warrior simulacrum!
The centaur warrior simulacrum is moderately damaged.
The searing ray hits the rime drake.
The rime drake is lightly wounded.
You block the frost giant's attack.
The searing ray hits the frost giant.
The frost giant is severely wounded.
The searing ray hits the rime drake.
The rime drake is lightly wounded.
The searing ray hits the rime drake.
The rime drake is moderately wounded.
The frost giant casts a spell at you. The bolt of cold hits you!!
* * * LOW HITPOINT WARNING * * *
You focus on the pain.
You feel very mighty all of a sudden.
The searing ray hits the frost giant!
The frost giant is severely wounded.
The searing ray hits the rime drake.
The rime drake is moderately wounded.
The searing ray hits the rime drake.
The rime drake is moderately wounded.
You finish channelling your searing ray.
The frost giant closely misses you.
You feel much better.
The rime drake is distracted by your dazzling golden aura.
The frost giant gestures at you while chanting.
The bolt of cold hits you!!!
You die...
Your body crumbles into a pile of gold.

.........#..........##.#
.....................#.#
.......###.............#
........#.......####..# .
..........##.....#.#.###..
.......... #.....=......#.
........## #.####.........
........ #..####.........
....... ....#..@.........
.###.#. .....###C###......
.# ## ..... #.ZkW.##.....
.. .... #...k...##....
#.........##[.(
#...##.##...##.. #...# ...
#...# . #... #)# ...# ...
:#: ...


You could see a frost giant, a freezing wraith, 2 rime drakes and a centaur
warrior simulacrum.

Vanquished Creatures
  A hydra (D:9)
  3 two-headed ogres
  Pikel (D:7)
  An orc knight (Bailey)
  An ugly thing (D:13)
  The ghost of kkgakdfjhgaksdf the Magician, a novice DgCj (D:9)
  2 cyclopes
  Maurice (D:8)
  Joseph (D:7)
  A gargoyle (D:10)
  A cane toad (Lair:1)
  Maggie (D:8)
  2 unseen horrors (D:11)
  A rime drake (D:13)
  2 komodo dragons
  2 trolls
  Prince Ribbit (D:7)
  3 shadows
  A wraith (D:11)
  3 wyverns
  10 yaks
  Grum (D:9)
  2 basilisks (D:8)
  Menkaure (D:4)
  3 vampire mosquitoes (D:13)
  A steam dragon (D:8)
  A redback simulacrum (D:13)
  4 acid dragons
  2 water moccasins (Lair:1)
  3 sky beasts
  5 orc warriors
  2 black bears (D:8)
  2 meliai simulacra (D:13)
  4 wolves (D:9)
  2 ogres
  6 centaurs
  3 kobold brigands
  2 phantoms
  A gnoll sergeant (D:9)
  6 bullfrogs
  4 scorpions
  10 wights (D:8)
  6 howler monkeys
  A jelly (D:8)
  2 orc priests
  5 hounds
  Jessica (D:3)
  Ijyb (D:3)
  5 iguanas
  13 orc wizards
  9 adders
  17 gnolls
  8 river rats (Sewer)
  2 white imps (D:6)
  An ufetubus (D:6)
  3 worms
  A dart slug (D:2)
  44 orcs
  10 bats
  A bat skeleton (D:2)
  9 endoplasms
  9 giant cockroaches
  15 goblins
  9 hobgoblins
  7 jackals
  33 kobolds
  3 quokkas (D:1)
  8 ball pythons
  A ball python skeleton (D:2)
  A ball python zombie (D:2)
  3 frilled lizards
  A giant cockroach zombie (D:2)
  29 rats
363 creatures vanquished.

Vanquished Creatures (others)
  A centaur (D:11)
  2 plants
  A withered plant (D:2)
4 creatures vanquished.

Grand Total: 367 creatures vanquished

Notes
Turn   | Place    | Note
-------+----------+-------------------------------------------
     0 | D:1      | xian the Demonspawn Conjurer began the quest for the Orb.
     0 | D:1      | Reached XP level 1. HP: 13/13 MP: 3/3
   327 | D:1      | You fall into a shaft and drop 1 floor!
   366 | D:2      | Gained mutation: A meltable shield of frost defends you.
                  | (SH +4) [demonic ancestry]
   366 | D:2      | Reached XP level 2. HP: 20/20 MP: 3/5
   557 | D:2      | Found a faded altar of an unknown god.
   615 | D:2      | Got Plato's Discourse on the Pyromaniac
   627 | D:2      | Reached skill level 1 in Fighting
   637 | D:2      | Gained mutation: You are partially covered in rugged brown
                  | scales. (AC +1, +3% HP) [demonic ancestry]
   637 | D:2      | Reached XP level 3. HP: 15/26 MP: 2/6
  1065 | D:2      | Learned a level 2 spell: Searing Ray
  1776 | D:1      | Reached skill level 1 in Axes
  1956 | D:1      | Reached XP level 4. HP: 32/32 MP: 2/7
  2525 | D:3      | Noticed Ijyb
  2537 | D:3      | Killed Ijyb
  3066 | D:3      | Noticed Jessica
  3068 | D:3      | Killed Jessica
  3069 | D:3      | Gained mutation: You sometimes gain a little power by
                  | taking damage. [demonic ancestry]
  3069 | D:3      | Reached XP level 5. HP: 38/38 MP: 5/9
  3139 | D:4      | Reached skill level 5 in Conjurations
  3430 | D:4      | Found an ancient bone altar of Kikubaaqudgha.
  3448 | D:4      | Reached skill level 3 in Spellcasting
  3557 | D:4      | Reached skill level 1 in Armour
  3557 | D:4      | Reached XP level 6. HP: 22/45 MP: 1/10
  3942 | D:4      | Found Meleyps's General Store.
  3967 | D:4      | Bought 2 potions of heal wounds for 110 gold pieces
  4001 | D:4      | Noticed Menkaure
  4009 | D:4      | Killed Menkaure
  4178 | D:4      | Reached XP level 7. HP: 50/50 MP: 9/12
  4331 | D:5      | Entered Level 5 of the Dungeon
  4739 | D:5      | Reached skill level 4 in Spellcasting
  4747 | D:5      | Learned a level 4 spell: Iskenderun's Mystic Blast
  5072 | D:5      | Identified the +5 war axe of Royalism {drain, MP+9 Int+6}
  5432 | D:6      | Reached skill level 1 in Shields
  5527 | D:6      | Found a staircase to the Ecumenical Temple.
  5532 | Temple   | Entered the Ecumenical Temple
  5575 | Temple   | Became a worshipper of Gozag Ym Sagoz the Greedy
  5680 | D:6      | Found a glowing drain.
  5687 | D:6      | Reached XP level 8. HP: 56/57 MP: 15/15
  5759 | Sewer    | Entered a sewer
  6435 | Sewer    | Reached skill level 5 in Spellcasting
  6620 | Sewer    | Identified the +3 sling of Understanding {venom, rPois rN+
                  | Stlth+}
  7746 | D:7      | Found a bloodstained altar of Trog.
  7760 | D:7      | Noticed Prince Ribbit
  7768 | D:7      | Killed Prince Ribbit
  7824 | D:7      | Reached skill level 6 in Spellcasting
  7824 | D:7      | Gained mutation: A meltable icy envelope protects you from
                  | harm. (AC +4) [demonic ancestry]
  7824 | D:7      | Reached XP level 9. HP: 63/63 MP: 14/18
  7931 | D:7      | Noticed Pikel
  7942 | D:7      | Killed Pikel
  8200 | D:7      | Found a hide-covered altar of Uskayaw.
  8277 | D:7      | Noticed Joseph
  8291 | D:7      | Killed Joseph
  8292 | D:7      | Reached skill level 7 in Spellcasting
  8989 | D:8      | Noticed Maurice
  9061 | D:8      | Found a staircase to the Lair.
  9104 | D:8      | Noticed Maggie
  9115 | D:8      | HP: 3/63 [Maggie/+3 glaive of flaming (4)]
  9122 | D:8      | Killed Maggie
  9618 | D:8      | Killed Maurice
  9619 | D:8      | Reached skill level 5 in Stealth
  9619 | D:8      | Reached XP level 10. HP: 46/72 MP: 20/21
  9868 | D:8      | Learned a level 5 spell: Irradiate
 10052 | D:8      | Reached skill level 5 in Dodging
 10316 | D:8      | Found a broken altar of Ashenzari.
 10389 | D:8      | Found a basalt altar of Yredelemnul.
 10527 | Lair:1   | Entered Level 1 of the Lair of Beasts
 10748 | Lair:1   | Noticed a cane toad
 10758 | Lair:1   | Killed a cane toad
 11283 | Lair:1   | Reached skill level 8 in Spellcasting
 12039 | D:9      | Reached skill level 5 in Axes
 12274 | D:9      | Noticed a two-headed ogre
 12280 | D:9      | Killed a two-headed ogre
 12281 | D:9      | Reached XP level 11. HP: 48/79 MP: 18/23
 12446 | D:9      | Noticed Grum
 12469 | D:9      | Killed Grum
 12840 | D:9      | Found a runed translucent door.
 12841 | D:9      | Noticed a five-headed hydra
 12846 | D:9      | Noticed kkgakdfjhgaksdf's ghost (novice DgCj)
 12854 | D:9      | Killed kkgakdfjhgaksdf's ghost
 12855 | D:9      | Killed a five-headed hydra
 12856 | D:9      | Reached skill level 1 in Translocations
 13065 | D:9      | Noticed a two-headed ogre
 13074 | D:9      | Killed a two-headed ogre
 13197 | D:9      | Reached skill level 5 in Fighting
 13257 | D:10     | Entered Level 10 of the Dungeon
 13269 | D:10     | Noticed a two-headed ogre
 13278 | D:10     | Killed a two-headed ogre
 13297 | D:10     | Found a flagged portal.
 13305 | Bailey   | Entered a bailey
 13623 | Bailey   | Noticed an orc knight
 13635 | Bailey   | Killed an orc knight
 13636 | Bailey   | Reached skill level 9 in Spellcasting
 14090 | D:10     | Reached skill level 5 in Shields
 15518 | D:11     | Identified the +8 mace "Damnul" {drain, Fly Will- Dex+3}
 15681 | D:11     | Gained mutation: You have large cloven feet. [demonic
                  | ancestry]
 15681 | D:11     | Reached XP level 12. HP: 89/89 MP: 25/25
 16171 | D:13     | Noticed a frost giant
 16193 | D:13     | Killed from afar by a frost giant

Illustrated notes

Levels and vault maps discovered:
D:1:      lightli_arrival_isolated_outpost, layout_rooms
D:2:      layout_rooms, serial_undead, serial_undead_e, serial_undead_c,
          serial_undead_e, serial_undead_d, shapermc_ecumenical_altar_rom_forum,
          minmay_misc_feat_hallway
D:3:      minmay_angry_zag, layout_basic, serial_glass, glass_columns_a,
          glass_columns_c, feat_on_display, minmay_strange_pillars,
          due_unseen_surprise, minmay_strange_pillars, hex_tiny, uniq_ijyb,
          uniq_jessica
D:4:      layout_rooms, mainiacjoe_overflow_tiny_flanked, serial_shops, shop,
          uniq_menkaure
D:5:      layout_gridville, small_statue_alley_b, dk_noncrumbling_3,
          dk_rats_in_the_wall
D:6:      layout_basic, minmay_temple_entry_glassed_door, gup_sewer_entry_glass
D:7:      layout_loops_ring, mainiacjoe_overflow_large_starburst,
          hangedman_decor_peaks_small, item_on_display_a, uniq_pikel,
          uniq_joseph, uniq_prince_ribbit1
D:8:      layout_cave_pools, mainiacjoe_overflow_catch_the_wave,
          david_lair_generic, uniq_maggie, uniq_maurice
D:9:      layout_rooms, ebering_ghost_inner_flame, serial_park_tiny_2,
          unseen_surprise_small, uniq_grum
D:10:     layout_roguey, serial_aquarium, aquarium_bridge_straight
          [aquarium_subvault_bridge, aquarium_subvault_window,
          aquarium_subvault_bridge, aquarium_subvault_wall],
          aquarium_bridge_straight [aquarium_subvault_bridge,
          aquarium_subvault_window, aquarium_subvault_bridge,
          aquarium_subvault_window], aquarium_window_3, aquarium_window_1,
          aquarium_view_2e, aquarium_view_2d, enter_bailey_3
D:11:     layout_cave_pools, serial_park_tiny_pond, kennysheep_generic_room_8
D:12:     layout_long_grid, orc_0_dummy, minmay_between, uniq_erolcha
D:13:     minmay_coctagon, layout_cave_pools, david_vaults_1, uniq_jorgrun,
          uniq_rupert, uniq_frances
Temple:   minmay_crystal_spiral_temple
Lair:1:   layout_cave_pods, serial_bayou_shore_b

Skill      XL: |  1  2  3  4  5  6  7  8  9 10 11 12 |
---------------+-------------------------------------+-----
Dodging        | 2 3 4 5 6 |  6.4
Fighting       | 1 2 3 4 5 6 |  6.2
Axes           | 1 2 4 5 6 |  6.1
Conjurations   | 5 6 7 8 |  8.9
Stealth        | 2 3 5 6 |  6.3
Spellcasting   | 3 4 6 7 8 9 |  9.5
Armour         | 1 2 3 4 |  4.4
Shields        | 1 2 3 5 6 |  6.4
Translocations | 1 |  1.1
Transmutations | |  0.5
Evocations     | |  0.1

Action                   |  1- 3 |  4- 6 |  7- 9 | 10-12 || total
-------------------------+-------+-------+-------+-------++-------
Melee: War axe           |    41 |    23 |    41 |   133 ||   238
       Unarmed           |     6 |       |       |       ||     6
 Cast: Magic Dart        |    76 |    56 |    62 |    34 ||   228
       Searing Ray       |     1 |    19 |    77 |    98 ||   195
       Iskenderun's Myst |       |       |     1 |    14 ||    15
       Irradiate         |       |       |       |    17 ||    17
Evoke: Wand              |       |       |       |     2 ||     2
  Use: Scroll            |       |     6 |     6 |     6 ||    18
       Potion            |       |       |     4 |     4 ||     8
 Stab: Distracted        |       |       |     2 |     1 ||     3
       Sleeping          |       |       |     6 |    19 ||    25
Armor: Robe              |    21 |       |       |   106 ||   127
       Leather armour    |       |    29 |    49 |       ||    78
       Acid dragon scale |       |       |    10 |    10 ||    20
Dodge: Dodged            |    74 |    28 |    83 |   150 ||   335
Block: Other             |    10 |     4 |    19 |     7 ||    40
       Kite shield       |       |       |       |   232 ||   232

Table legend: (Time is in decaauts)
 A = Elapsed time spent in this place.
 B = Non-inter-level travel time spent in this place.
 C = Inter-level travel time spent in this place.
 D = Time resting spent in this place.
 E = Time spent auto-exploring this place.
 F = Levels seen in this place.
 G = Mean time per level.
                   A        B        C        D        E       F      G
               +--------+--------+--------+--------+--------+-----+--------+
         Total |  16317 |  16040 |    277 |    255 |  12100 |  17 |  959.8 |
       Dungeon |  13340 |  13145 |    195 |    144 |  10169 |  13 | 1026.2 |
        Temple |     74 |     43 |     31 |      0 |     31 |   1 |   74.0 |
          Lair |   1202 |   1151 |     51 |     37 |    957 |   1 | 1202.0 |
         Sewer |   1210 |   1210 |      0 |      0 |    895 |   1 | 1210.0 |
        Bailey |    489 |    489 |      0 |     74 |     47 |   1 |  489.0 |
               +--------+--------+--------+--------+--------+-----+--------+

Top non-repeatable levels by time:
     D:7: 1526 daAuts
     D:9: 1514 daAuts
     D:8: 1349 daAuts
     D:3: 1290 daAuts
    D:10: 1259 daAuts
   Sewer: 1210 daAuts
  Lair:1: 1202 daAuts
     D:5: 1067 daAuts
     D:1: 1054 daAuts
     D:2: 1037 daAuts
     D:6: 1033 daAuts
     D:4: 980 daAuts
    D:11: 924 daAuts
  Bailey: 489 daAuts
    D:13: 219 daAuts
